 Dungeon Crawl Stone Soup version 0.23.1 (webtiles) character file.

Game seed: 13595165531459468116

3147 Irenicus the Earth Mage (level 9, -2/68 HPs)
             Began as a Deep Dwarf Earth Elementalist on Mar 11, 2019.
             Was a Follower of Makhleb.
             Slain by an orc warrior
             ... wielding a +0 long sword
              (14 damage)
             ... on level 7 of the Dungeon.
             The game lasted 00:24:47 (2903 turns).

Irenicus the Earth Mage (DDEE)                      Turns: 2903, Time: 00:24:48

Health: -2/68      AC:  8    Str: 17    XL:     9   Next: 62%
Magic:  3/13       EV: 12    Int: 19    God:    Makhleb [*.....]
Gold:   420        SH:  0    Dex: 13    Spells: 10/14 levels left

rFire    . . .     SeeInvis .   p - +2 dagger (drain)
rCold    . . .     Gourm    .   (no shield)
rNeg     . . .     Faith    .   x - +2 leather armour {MR+}
rPois    .         Spirit   .   n - +0 helmet
rElec    .         Reflect  .   w - +0 cloak
rCorr    .         Harm     .   (no gloves)
MR       ++...                  A - +0 pair of boots
Stlth    ++........             (no amulet)
HPRegen  0.00/turn              (no ring)
MPRegen  0.13/turn              u - ring of wizardry {Wiz+, !d}

@: mighty, non-regenerating
A: damage resistance, heal wounds, sense surroundings 2, no regeneration
a: Heal Wounds, Renounce Religion


You were on level 7 of the Dungeon.
You worshipped Makhleb.
Makhleb was aware of your devotion.
You were not hungry.

You visited 2 branches of the dungeon, and saw 9 of its levels.

You collected 420 gold pieces.

Inventory:

Hand Weapons
 p - a +2 dagger of draining (weapon)
   (You took it off a goblin on level 2 of the Dungeon)
Armour
 n - a +0 helmet (worn)
   (You took it off Robin on level 2 of the Dungeon)
 w - a +0 cloak (worn)
   (You found it on level 3 of the Dungeon)
 x - a +2 leather armour of magic resistance (worn)
   (You took it off Eustachio on level 4 of the Dungeon)
 y - a +0 buckler
   (You found it on level 5 of the Dungeon)
 A - a +0 pair of boots (worn)
   (You found it on level 5 of the Dungeon)
Magical Staves
 t - an uncursed staff of conjuration {!a}
   (You found it on level 4 of the Dungeon)
Jewellery
 k - an uncursed ring of poison resistance {rPois, !d}
   (You found it on level 2 of the Dungeon)
 q - a +3 ring of strength
   (You found it on level 2 of the Dungeon)
 u - a ring of wizardry (right hand) {Wiz+, !d}
   (You found it on level 4 of the Dungeon)
Wands
 C - a wand of iceblast (8)
   (You found it on level 6 of the Dungeon)
Scrolls
 a - 2 scrolls of immolation {unknown}
 c - 2 scrolls of enchant armour {unknown}
 h - 4 scrolls of remove curse {unknown}
 i - a scroll of fog {unknown}
 j - a scroll of amnesia {unknown}
 r - a scroll of random uselessness {unknown}
 s - 6 scrolls of identify
 v - 3 scrolls of teleportation {unknown}
 B - a scroll of fear {unknown}
 F - a scroll of enchant weapon {unknown}
Potions
 f - 4 potions of brilliance
 g - a potion of berserk rage {!q}
 l - a potion of curing
 m - 3 potions of haste
 z - a potion of degeneration {unknown}
 D - a potion of mutation {unknown}
Comestibles
 d - 9 rations


   Skills:
 - Level 2.1 Dodging
 - Level 2.4 Stealth
 - Level 3.3 Spellcasting
 - Level 3.4 Translocations
 - Level 0.8 Transmutations
 + Level 15.8 Earth Magic


You had 10 spell levels left.
You knew the following spells:

 Your Spells              Type           Power        Failure   Level  Hunger
a - Sandblast             Erth           ######       1%          1    None
g - Apportation           Tloc           ###...       1%          1    None
w - Passwall              Tmut/Erth      ####....     1%          2    ##.....

Your spell library contained the following spells:

 Spells                   Type           Power        Failure   Level  Hunger
 Stone Arrow              Conj/Erth      ####..       1%          3    ###....
 Lee's Rapid Deconstruct  Erth           ######....   1%          5    ######.
 Petrify                  Tmut/Erth      ####....     2%          4    ####...
 Animate Skeleton         Necr           N/A          8%          1    None
 Confusing Touch          Hex            #.....       8%          1    None
 Summon Small Mammal      Summ           #...         8%          1    None


Dungeon Overview and Level Annotations

Branches:
Dungeon (8/15)             Temple (1/1) D:4
   Lair: D:8-11

Altars:
Fedhas
Hepliaklqana
Makhleb
Qazlal
Sif Muna
Uskayaw
Wu Jian
Xom

Annotations:
D:5 exclusion: jelly


Innate Abilities, Weirdness & Mutations

You are resistant to damage.
You can heal yourself by infusing magical energy.
You passively map the area around you.
You do not regenerate.


Message History

Aim: a hog (moderately wounded)
The blast of sand hits the hog!
b - 7 stones The hog bites you!
The hog barely misses you. x2
You take 10 damage, and have 35/68 hp.
You now have 4/13 mp.
Aim: a hog (severely wounded)
The blast of sand hits the hog!!
You kill the hog!
Makhleb accepts your kill.
You feel better.
Your Earth Magic skill increases to level 15!
b - 6 stones The hog bites you.
You regained 6 hp, and now have 41/68 hp.
You now have 3/13 mp.
Aim: a hog The blast of sand hits the hog!!
b - 5 stones The hog bites you but does no damage.
Aim: a hog (heavily wounded)
The blast of sand hits the hog!
You kill the hog!
Makhleb accepts your kill.
b - 4 stones The hog bites you.
The hog closely misses you. The hog bites you.
You take 4 damage, and have 37/68 hp.
You now have 2/13 mp.
Aim: a hog The blast of sand hits the hog!!
b - 3 stones The hog bites you.
The hog barely misses you. x2
You take 2 damage, and have 35/68 hp.
You now have 1/13 mp.
Aim: a hog (severely wounded)
The blast of sand misses the hog.
b - 2 stones The hog closely misses you.
The hog bites you!
You take 6 damage, and have 29/68 hp.
You now have 0/13 mp.
You don't have enough magic to cast that spell.
Unknown command.
The hog closely misses you. The hog barely misses you.
Okay, then.
The hog bites you!
You take 6 damage, and have 23/68 hp.
The hog bites you. The hog bites you but does no damage.
The mass of ice explodes!
The iceblast engulfs the hog! x2
You kill the hog!
Makhleb accepts your kill. The hog bites you!
* * * LOW HITPOINT WARNING * * *
You take 5 damage, and have 18/68 hp.
Aim: a hog (heavily wounded)
The blast of sand misses the hog.
b - a stone The hog bites you but does no damage.
The hog barely misses you.
You now have 0/13 mp.
The mass of ice explodes!
The iceblast engulfs the hog!
You kill the hog!
Makhleb accepts your kill.
Found a stone staircase leading down.
There is a stone staircase leading down here.
You open the door. 3 orcs and an orc warrior come into view.
The orc shouts!
You hear a shout!
The orc shouts!
An orc priest comes into view. It is wielding a +0 hand axe.
The orc throws a tomahawk.
The tomahawk barely misses you.
The orc shouts!
The orc priest invokes the aid of Beogh against you.
Beogh smites you!
* * * LOW HITPOINT WARNING * * *
There is an open door here.
You take 12 damage, and have 6/68 hp.
Aim: an orc priest, wielding a +0 hand axe and wearing a +0 ring mail The blast of sand misses the orc priest.
You now have no stones remaining.
You now have 2/13 mp.
Aim: an orc priest, wielding a +0 hand axe and wearing a +0 ring mail You don't have any stones to cast with.
Aim: an orc priest, wielding a +0 hand axe and wearing a +0 ring mail You don't have any stones to cast with.
You see here a tomahawk.
You feel better.
You regained 7 hp, and now have 13/68 hp.
It was a potion of might.
You feel very mighty all of a sudden. The orc barely misses you.
You closely miss the orc. The orc closely misses you.
You puncture the orc!
You kill the orc!
Makhleb accepts your kill.
You feel better.
The orc throws a tomahawk.
The tomahawk hits you.
* * * LOW HITPOINT WARNING * * *
You take 1 damage, and have 12/68 hp.
You puncture the orc priest! You puncture the orc warrior!
You hit the orc warrior.
The orc priest calls upon Beogh to heal the orc warrior.
The orc warrior is healed somewhat.
The orc warrior hits you with a +0 long sword!
You die...

*####### **
...$... ,* *
#######o...... ,
* ,
###...@ooo......
, ,
#.....###.......,
* #.....#
*....... **
#.....# .#.....
#.....# *.#.....*
, , #.....###.#
.... ,
#.........# ... *
#.....##### +##
#.....#######. ,,
,


You could see an orc warrior, an orc priest and 2 orcs.

Vanquished Creatures
  Pikel (D:6)
  Eustachio (D:4)
  4 hogs (D:7)
  A human (D:7)
  2 orc warriors
  2 phantoms
  An ice beast (D:5)
  2 centaurs
  2 bullfrogs
  3 scorpions
  2 howler monkeys (D:4)
  3 crimson imps
  3 hounds
  A jelly (D:7)
  A quasit (D:5)
  A bullfrog zombie (D:6)
  5 bullfrog skeletons
  2 iguanas
  5 orc wizards
  4 worker ants
  A hound zombie (D:7)
  Robin (D:2)
  7 adders
  A shadow imp (D:7)
  An adder zombie (D:6)
  2 adder skeletons
  2 worms
  A dart slug (D:3)
  A leopard gecko (D:1)
  8 orcs
  5 giant cockroaches
  18 goblins
  10 hobgoblins
  7 jackals
  6 kobolds
  2 quokkas
  7 bats
  3 frilled lizards
  2 jackal skeletons (D:4)
  A leopard gecko zombie (D:5)
  A quokka skeleton (D:7)
  12 rats
145 creatures vanquished.

Vanquished Creatures (others)
  A slave (D:6)
  A phantom (D:6)
  An orc wizard (D:6)
  3 orcs (D:6)
6 creatures vanquished.

Grand Total: 151 creatures vanquished

Notes
Turn   | Place    | Note
-------+----------+-------------------------------------------
     0 | D:1      | Irenicus the Deep Dwarf Earth Elementalist began the quest
                  | for the Orb.
     0 | D:1      | Reached XP level 1. HP: 15/15 MP: 3/3
   147 | D:1      | Reached XP level 2. HP: 22/22 MP: 0/4
   192 | D:1      | Learned a level 2 spell: Passwall
   196 | D:1      | Reached skill level 5 in Earth Magic
   404 | D:2      | Reached XP level 3. HP: 25/28 MP: 1/5
   557 | D:2      | Learned a level 1 spell: Apportation
   619 | D:2      | Reached skill level 6 in Earth Magic
   693 | D:2      | Reached skill level 2 in Spellcasting
   724 | D:2      | Noticed Robin
   752 | D:2      | Killed Robin
   752 | D:2      | Reached XP level 4. HP: 12/36 MP: 0/7
   932 | D:3      | HP: 7/36 [goblin/stone (5)]
  1072 | D:3      | Reached skill level 3 in Spellcasting
  1124 | D:3      | HP: 6/36 [adder (1)]
  1338 | D:4      | Reached XP level 5. HP: 28/42 MP: 5/9
  1377 | D:4      | Noticed Eustachio
  1384 | D:4      | Killed Eustachio
  1384 | D:4      | Reached skill level 2 in Translocations
  1384 | D:4      | Reached XP level 6. HP: 29/49 MP: 1/10
  1436 | D:4      | Reached skill level 7 in Earth Magic
  1452 | D:4      | Reached skill level 3 in Translocations
  1469 | D:4      | Found a staircase to the Ecumenical Temple.
  1479 | Temple   | Entered the Ecumenical Temple
  1490 | Temple   | Became a worshipper of Makhleb the Destroyer
  1766 | D:4      | Reached skill level 8 in Earth Magic
  1788 | D:4      | Reached XP level 7. HP: 32/55 MP: 3/11
  1898 | D:5      | Entered Level 5 of the Dungeon
  1922 | D:5      | Reached skill level 9 in Earth Magic
  2099 | D:5      | Reached skill level 10 in Earth Magic
  2190 | D:5      | Reached XP level 8. HP: 32/62 MP: 0/12
  2206 | D:5      | Reached skill level 11 in Earth Magic
  2284 | D:6      | Noticed Pikel
  2313 | D:6      | HP: 15/62 [orc/+0 short sword (2)]
  2318 | D:6      | HP: 9/62 [slave[Pikel] (4)]
  2330 | D:6      | HP: 15/62 [Pikel/+2 whip of flaming (1)]
  2333 | D:6      | Killed Pikel
  2333 | D:6      | Reached skill level 12 in Earth Magic
  2367 | D:6      | Reached skill level 13 in Earth Magic
  2500 | D:6      | Reached * piety under Makhleb
  2724 | D:8      | Gained mutation: You passively map the area around you.
                  | [Deep Dwarf growth]
  2724 | D:8      | Reached XP level 9. HP: 12/68 MP: 8/13
  2749 | D:7      | Found a stormy altar of Qazlal.
  2755 | D:7      | HP: 10/68 [bullfrog (2)]
  2756 | D:7      | Reached skill level 14 in Earth Magic
  2756 | D:7      | HP: 1/68 [orc wizard/puff of flame (9)]
  2768 | D:7      | HP: 14/68 [orc wizard/magic dart (4)]
  2780 | D:7      | HP: 13/68 [orc wizard/magic dart (2)]
  2786 | D:7      | HP: 7/68 [centaur/arrow (6)]
  2858 | D:7      | Reached skill level 15 in Earth Magic
  2893 | D:7      | HP: 6/68 [orc priest/divine providence (12)]
  2899 | D:7      | HP: 12/68 [orc/tomahawk (2)]
  2903 | D:7      | Slain by an orc warrior

Skill      XL: |  1  2  3  4  5  6  7  8  9 |
---------------+----------------------------+-----
Earth Magic    | 5 6 8 10 13 15 | 15.8
Spellcasting   | 2 3 |  3.3
Translocations | 2 3 |  3.4
Dodging        | |  2.1
Stealth        | |  2.4
Transmutations | |  0.8

Action                   |  1- 3 |  4- 6 |  7- 9 || total
-------------------------+-------+-------+-------++-------
Melee: Club              |     3 |       |       ||     3
       Dagger            |    43 |    26 |    43 ||   112
 Cast: Sandblast         |    36 |    60 |   112 ||   208
       Passwall          |     3 |     8 |     6 ||    17
       Apportation       |     1 |    11 |    14 ||    26
 Abil: Heal Wounds       |       |     1 |       ||     1
Evoke: Wand              |       |       |     5 ||     5
  Use: Scroll            |       |     6 |       ||     6
       Potion            |       |     1 |     6 ||     7
 Stab: Sleeping          |     5 |     4 |     1 ||    10
       Distracted        |       |       |     1 ||     1
       Paralysed         |       |       |     7 ||     7
  Eat: Chunk             |     1 |     3 |     4 ||     8
Armor: Robe              |    14 |     7 |       ||    21
       Leather armour    |       |     7 |    48 ||    55
Dodge: Dodged            |    44 |    22 |    86 ||   152

Levels and vault maps discovered:
D:1:      zaba_arrival_water, layout_loops_ring
D:2:      layout_basic, uniq_robin
D:3:      layout_rooms, first_ration, columned_hall_lemuel
D:4:      layout_gridville, minmay_temple_entry_hall, uniq_eustachio
D:5:      layout_rooms
D:6:      layout_rooms, uniq_pikel
D:7:      layout_basic, old_standard_altar, chequers_mini_garden,
          grunt_livestock
D:8:      layout_cave_pods, dpeg_oklobed_lair, minmay_crystal_room,
          minmay_shop_enchanted_jewellery, uniq_grum
Temple:   nicolae_temple_the_god_donut

Table legend:
 A = Turns spent in this place as a percentage of turns spent in the entire game.
 B = Non-inter-level travel turns spent in this place as a percentage of non-inter-level travel turns spent in the entire game.
 C = Inter-level travel turns spent in this place as a percentage of turns spent in this place.
 D = Turns resting spent in this place as a percentage of non-inter-level travel turns spent in this place.
 E = Turns spent auto-exploring this place as a percentage of non-inter-level travel turns spent in this place.
 F = Non-inter-level travel turns spent in this place divided by the number of levels of this place that you've seen.
                   A       B       C       D       E      F
               +-------+-------+-------+-------+-------+----------------------
         Total | 100.0 | 100.0 |   0.0 |   0.0 |   0.0 | 322.6
       Dungeon |  99.2 |  99.2 |   0.0 |   0.0 |   0.0 | 360.0
        Temple |   0.8 |   0.8 |   0.0 |   0.0 |   0.0 |  23.0
               +-------+-------+-------+-------+-------+----------------------

Table legend:
 A = Kills in this place as a percentage of kills in entire the game.
 B = Kills by you in this place as a percentage of kills by you in the entire game.
 C = Kills by friends in this place as a percentage of kills by friends in the entire game.
 D = Other kills in this place as a percentage of other kills in the entire game.
 E = Experience gained in this place as a percentage of experience gained in the entire game.
 F = Experience gained in this place divided by the number of levels of this place that you have seen.
                   A       B       C       D       E      F
               +-------+-------+-------+-------+-------+----------------------
         Total | 100.0 | 100.0 |   N/A |   N/A | 100.0 | 499.6
       Dungeon | 100.0 | 100.0 |   N/A |   N/A | 100.0 | 562.0
               +-------+-------+-------+-------+-------+----------------------
